 Dungeon Crawl Stone Soup version 0.31-a0-435-g2c6fae2916 (webtiles) character file.

Game seed: 2114457833936385378

343 Ethylacetat the Changeling (level 6, 0/42 HPs)
             Began as an Octopode Shapeshifter on Aug 1, 2023.
             Slain by an orc wizard
             ... wielding a +0 dagger
              (3 damage)
             ... on level 4 of the Dungeon.
             The game lasted 00:03:54 (1861 turns).

Ethylacetat the Changeling (Octopode Shapeshifter)  Turns: 1861, Time: 00:03:55

Health: 0/42       AC:  1    Str: 15    XL:     6   Next: 57%
Magic:  6/6        EV: 13    Int: 10    God:
Gold:   187        SH:  0    Dex: 14    Spells: 5/5 levels left

rFire   . . .        f - +1 dagger (venom)
rCold   . . .        (no shield)
rNeg    . . .        (helmet currently unavailable)
rPois   .            (no amulet)
rElec   .            (no ring)
rCorr   .            (no ring)
SInv    .            (no ring)
Will    .....        (no ring)
Stlth   ++           (no ring)
HPRegen 0.27/turn    (no ring)
MPRegen 0.10/turn    (no ring)
                     (no ring)

%: no passive effects
@: beast-form
A: beast (slay +3), almost no armour, amphibious, 8 rings, camouflage 1,
gelatinous body 1, (nimble swimmer 1), tentacles
a: Begin Untransformation


You were on level 4 of the Dungeon.
You were a hulking beast.
You visited 1 branch of the dungeon, and saw 4 of its levels.

You collected 187 gold pieces.

Inventory:

Hand Weapons
 f - a +1 dagger of venom (weapon)
Talismans
 b - a beast talisman (active)
Scrolls
 c - a scroll of poison {unknown}
 e - 3 scrolls of identify {unknown}
 g - a scroll of enchant armour {unknown}
 h - a scroll of enchant weapon {unknown}
 l - a scroll of immolation {unknown}
Potions
 a - a potion of lignification
 d - a potion of curing
 i - a potion of might {unknown}
 j - a potion of attraction {unknown}
 k - a potion of haste {unknown}
 m - a potion of degeneration {unknown}
 n - a potion of mutation {unknown}


   Skills:
 + Level 3.3 Fighting
 - Level 2.0 Dodging
 + Level 4.3 Unarmed Combat
 * Level 4.8 Shapeshifting


You had 5 spell levels left.
You didn't know any spells.
Your spell library contained the following spells:

 Spells                   Type           Power      Damage    Failure   Level
 Lesser Beckoning         Tloc           0%         N/A       50%         2
 Gell's Gravitas          Tloc           0%         N/A       75%         3
 Teleport Other           Tloc           0%         N/A       75%         3


Dungeon Overview and Level Annotations

Branches:
Dungeon (4/15)             Temple (0/1) D:4

Altars:
Vehumet


Innate Abilities, Weirdness & Mutations

You are a hulking beast.
Your limbs bulge with bestial killing power. (Slay +3)
You cannot wear most types of armour.
You are amphibious.
You can wear up to eight rings at the same time.
Your skin changes colour to match your surroundings (Stealth+).
Your rubbery body absorbs attacks. (AC +1, EV +1)
((You are camouflaged when in or above water. (Stealth+)))
You have tentacles for arms and can constrict up to eight enemies at once.


Message History

You barely miss the orc. You grab the orc.
You tentacle-slap the orc, but do no damage.
You constrict the orc, but do no damage.
The orc hits you with a +0 mace!
You hit the orc but do no damage. You squeeze the orc.
The orc is lightly wounded.
You constrict the orc, but do no damage.
The orc misses you.
You hit the orc but do no damage.
The orc is poisoned.
You squeeze the orc, but do no damage.
The orc is lightly wounded.
You constrict the orc. The orc hits you but does no damage.
You hit the orc but do no damage.
The orc is severely wounded.
You constrict the orc, but do no damage.
The orc closely misses you.
You hit the orc but do no damage.
The orc looks even sicker.
The orc is severely wounded.
You constrict the orc.
You kill the orc!
The orc wizard casts a spell.
The orc wizard flickers and vanishes!
Deactivating autopickup; reactivate with Ctrl-A.
Found a flail.
The orc closely misses you. Something hits you.
Items here: $ ) [ †.
You hit something. The orc closely misses you.
Something hits you but does no damage.
You miss something. The orc hits you with a +0 broad axe! Something hits you.
* * * LOW HITPOINT WARNING * * *
Unknown command.
You closely miss something. Something hits you.
* * * LOW HITPOINT WARNING * * *
The orc hits you with a +0 broad axe.
* * * LOW HITPOINT WARNING * * *
You are too injured to fight recklessly!
It was a potion of curing.
You feel better. The orc hits you with a +0 broad axe!
* * * LOW HITPOINT WARNING * * *
Something hits you.
You die...

.⌠ #.#.......#
)........#
#.#.......#
...⌠.>.⌠#
#.####.####
##.......####.##...#
.....⌠.....#..>.###
# .............###
#. #...........#
##..#..o.......##
#.....{h.......#
..##..........†#
#............#
#.(..........#
....##.........#
#####...†......#
#......=...#
#............
#..........###


You could see an orc.

Vanquished Creatures
  A phantom (D:4)
  3 orc priests
  A sleepcap (D:4)
  An iguana (D:4)
  A gnoll (D:1)
  6 adders
  A dart slug (D:2)
  8 orcs
  7 endoplasms
  3 giant cockroaches
  4 goblins
  9 hobgoblins
  3 jackals (D:2)
  4 kobolds
  3 quokkas
  2 ball pythons
  5 frilled lizards (D:1)
  3 rats
65 creatures vanquished.

Notes
Turn   | Place    | Note
-------+----------+-------------------------------------------
     0 | D:1      | Ethylacetat the Octopode Shapeshifter began the quest for
                  | the Orb.
     0 | D:1      | Reached XP level 1. HP: 13/13 MP: 1/1
    57 | D:1      | Reached XP level 2. HP: 17/18 MP: 2/2
   203 | D:1      | Reached XP level 3. HP: 22/23 MP: 3/3
   563 | D:2      | Found a radiant altar of Vehumet.
   676 | D:2      | Reached XP level 4. HP: 29/29 MP: 4/4
  1098 | D:2      | Reached XP level 5. HP: 26/35 MP: 5/5
  1645 | D:3      | You fall into a shaft and drop 1 floor!
  1677 | D:4      | Identified the +2 leather armour of Impermeability {rPois
                  | Slay+2}
  1690 | D:4      | Noticed a phantom
  1705 | D:4      | Killed a phantom
  1706 | D:4      | Reached XP level 6. HP: 24/42 MP: 6/6
  1828 | D:4      | Found a staircase to the Ecumenical Temple.
  1861 | D:4      | Slain by an orc wizard

Illustrated notes

Levels and vault maps discovered:
D:1:      lightli_iron_boxes, layout_rooms
D:2:      layout_basic, basic_altar
D:3:      layout_basic
D:4:      layout_rooms, temple_fountains, hangedman_decor_growths,
          chequers_serial_rivers_small_3

Skill      XL: |  1  2  3  4  5 |
---------------+----------------+-----
Fighting       | 2 3 |  3.3
Shapeshifting  | 4 |  4.8
Unarmed Combat | 4 |  4.3
Dodging        | |  2.0

Action                     |  1- 3 |  4- 6 || total
---------------------------+-------+-------++-------
  Melee: Unarmed           |    34 |       ||    34
         Constrict         |    14 |    27 ||    41
         Tentacles         |    11 |    22 ||    33
         Punch             |     1 |     5 ||     6
         Dagger            |    15 |    86 ||   101
    Use: Potion            |       |     1 ||     1
   Stab: Sleeping          |     3 |     2 ||     5
 Armour: Skin              |     3 |     4 ||     7
  Dodge: Dodged            |    25 |    51 ||    76

Table legend: (Time is in decaauts)
 A = Elapsed time spent in this place.
 B = Non-inter-level travel time spent in this place.
 C = Inter-level travel time spent in this place.
 D = Time resting spent in this place.
 E = Time spent auto-exploring this place.
 F = Levels seen in this place.
 G = Mean time per level.
                   A        B        C        D        E       F      G
               +--------+--------+--------+--------+--------+-----+--------+
         Total |   1857 |   1810 |     47 |    192 |   1245 |   4 |  464.2 |
       Dungeon |   1857 |   1810 |     47 |    192 |   1245 |   4 |  464.2 |
               +--------+--------+--------+--------+--------+-----+--------+

Top non-repeatable levels by time:
     D:2: 862 daAuts
     D:1: 457 daAuts
     D:3: 321 daAuts
     D:4: 215 daAuts
